 Dungeon Crawl Stone Soup version 0.29.1-15-g9cfb28693d (webtiles) character file.

Game seed: 12581074348335324738

137 Hugehornet the Covered (level 5, -8/32 HPs)
             Began as a Gargoyle Fighter on Mar 21, 2023.
             Killed by divine providence
             ... invoked by an orc priest
              (9 damage)
             ... on level 3 of the Dungeon.
             The game lasted 00:03:02 (2356 turns).

Hugehornet the Covered (Gargoyle Fighter)           Turns: 2356, Time: 00:03:04

Health: -8/32      AC: 14    Str: 20    XL:     5   Next: 20%
Magic:  5/5        EV:  9    Int: 10    God:
Gold:   170        SH:  4    Dex:  9    Spells: 4/4 levels left

rFire   . . .      SeeInvis .   j - +0 broad axe
rCold   . . .      Faith    .   c - +0 buckler
rNeg    + . .      Spirit   .   b - +0 scale mail
rPois   ∞          Reflect  .   q - +0 helmet
rElec   +          Harm     .   l - +0 cloak
rCorr   .          Rampage  .   i - +0 pair of gloves
Will    .....                   (no boots)
Stlth   ..........              (no amulet)
HPRegen 0.10/turn               (no ring)
MPRegen 0.09/turn               (no ring)

@: no status effects
A: sickness immunity, AC +4, negative energy resistance 1, electricity
resistance, torment resistance 1, petrification resistance
a: no special abilities


You were on level 3 of the Dungeon.
You visited 1 branch of the dungeon, and saw 3 of its levels.

You collected 170 gold pieces.

Inventory:

Hand Weapons
 a - a +0 flail
 j - a +0 broad axe (weapon)
Armour
 b - a +0 scale mail (worn)
 c - a +0 buckler (worn)
 i - a +0 pair of gloves (worn)
 l - a +0 cloak (worn)
 q - a +0 helmet (worn)
Jewellery
 e - a +4 ring of evasion
Scrolls
 g - 2 scrolls of teleportation {unknown}
 h - 2 scrolls of brand weapon {unknown}
 p - a scroll of identify {unknown}
 r - a scroll of butterflies {unknown}
Potions
 d - 2 potions of might
 f - a potion of haste {unknown}
 k - 2 potions of curing {unknown}
 m - a potion of cancellation {unknown}
 n - a potion of attraction {unknown}
 o - a potion of degeneration {unknown}


   Skills:
 - Level 3.2 Fighting
 * Level 1.8(2.7) Axes
 - Level 3.3(3.6) Maces & Flails
 + Level 4.8 Armour
 - Level 3.2 Shields


You had 4 spell levels left.
You didn't know any spells.
Your spell library was empty.

Dungeon Overview and Level Annotations

Branches:
Dungeon (3/15)

Altars:


Innate Abilities, Weirdness & Mutations

You are immune to sickness and miasma.
Your stone body is resilient. (AC +4)
You are immune to poison.
You resist negative energy. (rN+)
You are resistant to electric shocks. (rElec)
You are resistant to unholy torment.
You are immune to petrification.


Message History

You hit the orc but do no damage. You barely miss the orc.
The orc barely misses you. The orc hits you but does no damage. x2
You block the orc's attack.
You slash the orc!
You kill the orc!
You barely miss the orc. You block the orc's attack.
The orc priest mumbles some strange prayers to Beogh against you.
Beogh smites you!
You barely miss the orc. You slash the orc!
You kill the orc!
The orc closely misses you.
The orc priest hits you but does no damage.
The orc hits you but does no damage.
You slash the orc priest!
The orc priest is severely wounded.
You hit the orc.
The orc priest mumbles some strange prayers to Beogh against you.
You are unaffected.
You block the orc's attack. The orc hits you but does no damage.
The orc priest hits you with a +0 short sword.
You hit the orc priest.
The orc priest is almost dead.
You hit the orc.
You kill the orc!
The orc priest calls down the wrath of Beogh upon you.
Pain shoots through your body!
You are too injured to fight recklessly!
You are too injured to fight recklessly!
You are too injured to fight recklessly!
Unknown command.
You are too injured to fight recklessly!
You are too injured to fight recklessly!
You hit the orc priest but do no damage.
The orc priest is almost dead.
The orc priest invokes the aid of Beogh against you.
Beogh smites you!
* * * LOW HITPOINT WARNING * * *
The orc priest mumbles some strange prayers to Beogh against you.
Beogh smites you!
You die...

######.... .##
......... ..
......... ..
......... .
........#.#
........#.###..
#...o))......
#@# #.# #.# #.#
#.# #.# #.# #.#
#.#


You could see an orc priest.

Vanquished Creatures
  A howler monkey (D:2)
  An orc priest (D:3)
  An adder (D:2)
  A dart slug (D:1)
  6 orcs (D:3)
  4 ball pythons
  6 endoplasms
  3 giant cockroaches (D:1)
  2 goblins
  7 hobgoblins
  4 kobolds
  4 quokkas
  2 bats
  3 frilled lizards
  5 rats
50 creatures vanquished.

Notes
Turn   | Place    | Note
-------+----------+-------------------------------------------
     0 | D:1      | Hugehornet the Gargoyle Fighter began the quest for the
                  | Orb.
     0 | D:1      | Reached XP level 1. HP: 14/14 MP: 1/1
   188 | D:1      | Reached XP level 2. HP: 19/19 MP: 2/2
   377 | D:1      | Found a faded altar of an unknown god.
   501 | D:1      | Reached XP level 3. HP: 16/23 MP: 3/3
   647 | D:1      | Reached skill level 4 in Armour
  1140 | D:2      | Reached XP level 4. HP: 23/28 MP: 4/4
  1857 | D:3      | Reached skill level 1 in Axes
  1857 | D:3      | Reached XP level 5. HP: 13/32 MP: 5/5
  2356 | D:3      | HP: 1/32 [orc priest/divine providence (12)]
  2356 | D:3      | Killed from afar by an orc priest

Illustrated notes

Levels and vault maps discovered:
D:1:      mainiacjoe_arrival_reflecting_pool, layout_basic,
          shapermc_ecumenical_altar_totnotflames, corner_web_ring,
          wander_ebering_terrifying_dragon_lair
D:2:      layout_loops_ring
D:3:      layout_basic

Skill      XL: |  1  2  3  4 |
---------------+-------------+-----
Armour         | 4 |  4.8
Maces & Flails | 3 |  3.3
Axes           | 1 |  1.8
Fighting       | |  3.2
Shields        | |  3.2

Action                   |  1- 3 |  4- 6 || total
-------------------------+-------+-------++-------
Melee: Flail             |    64 |     4 ||    68
       Broad axe         |       |    65 ||    65
Armor: Scale mail        |    27 |    42 ||    69
Dodge: Dodged            |    25 |    34 ||    59
Block: Buckler           |     9 |    15 ||    24
